 Dungeon Crawl Stone Soup version 0.27.0-1-g7a089689b8 (webtiles) character file.

Game seed: 4923894945449854279

809 dolemite99 the Spear-Bearer (level 7, -5/50 HPs)
             Began as a Merfolk Gladiator on Aug 4, 2021.
             Slain by Maggie (18 damage)
             ... on level 6 of the Dungeon.
             The game lasted 00:05:07 (4990 turns).

dolemite99 the Spear-Bearer (Merfolk Gladiator)     Turns: 4990, Time: 00:05:08

Health: -5/50      AC: 12    Str: 15 (16) XL:     7   Next: 92%
Magic:  7/7        EV:  8    Int:  5 (7)  God:
Gold:   176        SH:  3    Dex: 13 (16) Spells: 6/6 levels left

rFire    . . .     SeeInvis .   a - +0 trident
rCold    . . .     Faith    .   y - +0 buckler
rNeg     . . .     Spirit   .   A - +0 plate armour
rPois    .         Reflect  .   c - +0 helmet
rElec    .         Harm     .   J - +0 cloak
rCorr    .         Rampage  .   (no gloves)
Will     .....                  (no boots)
Stlth    ..........             (no amulet)
HPRegen  0.16/turn              l - +4 ring of evasion
MPRegen  0.10/turn              (no ring)

@: silenced, weak-willed
A: (nimble swimmer 2), mertail
a: no special abilities


You were on level 6 of the Dungeon.
You visited 1 branch of the dungeon, and saw 6 of its levels.

You collected 176 gold pieces.

Inventory:

Hand Weapons
 a - a +0 trident (weapon)
 w - a +0 hunting sling
 E - a +3 whip of electrocution
 G - a +0 shortbow
Missiles
 d - a throwing net
 f - 13 boomerangs (quivered)
 g - 146 stones
 j - 7 silver boomerangs
 u - 104 arrows
 D - 42 sling bullets
 H - 15 bolts
Armour
 b - a +0 leather armour
 c - a +0 helmet (worn)
 e - a +0 scale mail
 x - a +2 hat
 y - a +0 buckler (worn)
 A - a +0 plate armour (worn)
 F - a +0 pair of gloves
 J - a +0 cloak (worn)
Jewellery
 l - a +4 ring of evasion (left hand)
 I - a ring of ice
Scrolls
 i - 2 scrolls of teleportation {unknown}
 k - a scroll of torment {unknown}
 n - a scroll of enchant weapon {unknown}
 p - a scroll of magic mapping {unknown}
 r - 2 scrolls of blinking {unknown}
 s - 2 scrolls of holy word {unknown}
 t - 2 scrolls of vulnerability
 z - 2 scrolls of silence
 B - a scroll of fear {unknown}
 C - a scroll of summoning {unknown}
 L - a scroll of identify {unknown}
Potions
 h - 2 potions of degeneration
 m - a potion of might {unknown}
 o - a potion of curing {unknown}
 q - a potion of flight {unknown}
 v - a potion of brilliance {unknown}
 K - a potion of lignification {unknown}


   Skills:
 - Level 2.1 Fighting
 + Level 12.5 Polearms
 - Level 2.0 Throwing
 - Level 4.0 Dodging


You had 6 spell levels left.
You didn't know any spells.
Your spell library contained the following spells:

 Spells                   Type           Power      Damage    Failure   Level
 Corpse Rot               Necr/Air       N/A        N/A       100%        2
 Poisonous Vapours        Pois/Air       0%         N/A       100%        2
 Freezing Cloud           Conj/Ice/Air   0%         6-21      100%        5


Dungeon Overview and Level Annotations

Branches:
Dungeon (6/15)
 Temple: D:4-7

Altars:

Shops:
D:3 =

Annotations:
D:4 3 runed translucent doors, DemonSlayer's ghost, amateur HuBe
D:6 Maggie


Innate Abilities, Weirdness & Mutations

((You are quick and stealthy near water. (Stealth+, EV+, Speed+++)))
Your lower body shifts to a powerful aquatic tail in water.


Message History

You reach to attack!
You puncture Maggie!
Maggie is severely wounded.
Maggie closely misses you.
You reach to attack!
You hit Maggie but do no damage.
Maggie is severely wounded.
Maggie hits you but does no damage.
You reach to attack!
You hit Maggie but do no damage.
Maggie is severely wounded.
You reach to attack!
You hit Maggie.
Maggie is severely wounded.
Maggie hits you but does no damage.
You reach to attack!
You hit Maggie but do no damage.
Maggie is severely wounded.
Maggie hits you from afar with a +2 glaive of flaming.
Maggie burns you.
You reach to attack!
You closely miss Maggie.
Maggie is severely wounded.
Maggie barely misses you.
You reach to attack!
You hit Maggie but do no damage.
Maggie is severely wounded.
You reach to attack!
You hit Maggie.
Maggie is almost dead.
Maggie points at you and mumbles some strange words.
The bolt of fire hits you!!
You are too injured to fight recklessly!
You are too injured to fight recklessly!
You are too injured to fight recklessly!
Maggie gives herself a magical halo, but it quickly sputters out.
Maggie hits you with a +2 glaive of flaming!
* * * LOW HITPOINT WARNING * * *
Maggie burns you.
* * * LOW HITPOINT WARNING * * *
You hit Maggie but do no damage.
Maggie is almost dead.
Maggie closely misses you.
It was a potion of degeneration.
There was something very wrong with that liquid.
You feel weakened.
You feel dopey.
You feel clumsy.
Maggie hits you with a +2 glaive of flaming!!
You die...

#....# #.......#
###....# #.......#
.......#### #.......#
..........# #.......#
..........###.......#
............'.......+
.......######.......#
.......######.......#
...###..........@...#
...##..........@#####
..>.............#
.................
..####..........##
..# #..........# ..#
#..........# ###
#..........#
#####+###


You could see Maggie.

Vanquished Creatures
  A necrophage (D:5)
  2 ogres
  2 centaurs
  A bullfrog zombie (D:5)
  A bullfrog skeleton (D:6)
  3 jellies
  A centaur skeleton (D:6)
  2 iguanas
  An orc wizard (D:3)
  3 adders
  A gnoll (D:1)
  A shadow imp (D:5)
  2 white imps
  An adder skeleton (D:4)
  A worm (D:2)
  2 dart slugs
  6 orcs
  6 endoplasms
  A giant cockroach (D:3)
  10 goblins
  6 hobgoblins
  3 jackals (D:4)
  4 kobolds
  5 quokkas
  2 ball pythons
  7 bats
  A frilled lizard (D:1)
  2 rats (D:1)
78 creatures vanquished.

Notes
Turn   | Place    | Note
-------+----------+-------------------------------------------
     0 | D:1      | dolemite99 the Merfolk Gladiator began the quest for the
                  | Orb.
     0 | D:1      | Reached XP level 1. HP: 16/16 MP: 1/1
    81 | D:1      | Reached skill level 5 in Polearms
    81 | D:1      | Reached XP level 2. HP: 1/22 MP: 2/2
   814 | D:1      | Reached skill level 6 in Polearms
   814 | D:1      | Reached XP level 3. HP: 18/27 MP: 3/3
  1388 | D:2      | You fall into a shaft and drop 1 floor!
  1417 | D:3      | Found a faded altar of an unknown god.
  1608 | D:3      | Reached skill level 7 in Polearms
  1608 | D:3      | Reached XP level 4. HP: 26/33 MP: 4/4
  1909 | D:3      | Found Mamuas's Jewellery Emporium.
  3022 | D:4      | Reached skill level 8 in Polearms
  3062 | D:4      | Found a runed translucent gate.
  3062 | D:4      | Found a runed translucent gate.
  3062 | D:4      | Noticed a kobold brigand
  3062 | D:4      | Noticed DemonSlayer's ghost (amateur HuBe)
  3063 | D:4      | Found a runed translucent gate.
  3154 | D:4      | Reached XP level 5. HP: 37/38 MP: 5/5
  3209 | D:4      | Noticed a centaur
  3238 | D:4      | Killed a centaur
  3239 | D:4      | Reached skill level 9 in Polearms
  3534 | D:4      | Noticed an ogre
  3541 | D:4      | Killed an ogre
  3542 | D:4      | Reached XP level 6. HP: 41/44 MP: 6/6
  3554 | D:4      | Reached skill level 10 in Polearms
  3686 | D:4      | You fall into a shaft and drop 2 floors!
  3703 | D:5      | Entered Level 5 of the Dungeon
  3703 | D:5      | Noticed a necrophage
  4134 | D:5      | Reached skill level 11 in Polearms
  4134 | D:5      | Reached XP level 7. HP: 44/50 MP: 7/7
  4284 | D:5      | Reached skill level 12 in Polearms
  4845 | D:5      | You fall into a shaft and drop 1 floor!
  4965 | D:6      | Noticed Maggie
  4990 | D:6      | Slain by Maggie

Illustrated notes

Levels and vault maps discovered:
D:1:      saegor_arrival_simple_e, layout_rooms
D:2:      layout_loops_ring, nrook_uturn
D:3:      layout_loops_ring, hellmonk_ecumenical_altar_zigzags, serial_shops,
          shop, minmay_misc_feat_rows, minivault_26
D:4:      layout_loops_ring, gammafunk_ghost_nasty_kobolds,
          grunt_decor_mini_mirrors
D:5:      layout_basic, lemuel_temple_firewalk_b, serial_curves, eino_curves_01,
          eino_curves_04, supply_closet_lemuel, minmay_fractal_squares_gapless_5
D:6:      layout_basic, mainiacjoe_overflow_24_doors, uniq_duvessa, uniq_maggie

Skill      XL: |  1  2  3  4  5  6  7 |
---------------+----------------------+-----
Polearms       | 5 6 7 8 9 11 12 | 12.5
Fighting       | |  2.1
Throwing       | |  2.0
Dodging        | |  4.0

Action                   |  1- 3 |  4- 6 |  7- 9 || total
-------------------------+-------+-------+-------++-------
Melee: Trident           |    96 |   119 |    98 ||   313
Throw: Boomerang         |       |    18 |    12 ||    30
       Throwing net      |       |     1 |     1 ||     2
  Use: Scroll            |       |       |     3 ||     3
       Potion            |       |       |     1 ||     1
 Stab: Held in net/web   |       |       |     2 ||     2
Armor: Scale mail        |    49 |     3 |       ||    52
       Plate armour      |       |    69 |    41 ||   110
Dodge: Dodged            |    68 |    47 |    38 ||   153
Block: Buckler           |       |    21 |    10 ||    31
